 Dungeon Crawl Stone Soup version 0.29-a0-323-g050149af67 (webtiles) character file.

Game seed: 10429304235021390750

1178 Jortsu the Cleaver (level 8, -8/71 HPs)
             Began as a Hill Orc Fighter on Apr 11, 2022.
             Mangled by a two-headed ogre
             ... wielding a +0 giant club
              (11 damage)
             ... on level 5 of the Dungeon.
             The game lasted 00:08:48 (4645 turns).

Jortsu the Cleaver (Hill Orc Fighter)               Turns: 4645, Time: 00:08:49

Health: -8/71      AC:  7    Str: 21    XL:     8   Next: 41%
Magic:  8/8        EV:  9    Int:  8    God:
Gold:   310        SH:  4    Dex: 10    Spells: 7/7 levels left

rFire   . . .      SeeInvis .   a - +1 war axe (freeze)
rCold   . . .      Faith    .   c - +0 buckler
rNeg    . . .      Spirit   .   b - +0 scale mail
rPois   .          Reflect  .   (no helmet)
rElec   .          Harm     .   (no cloak)
rCorr   .          Rampage  .   (no gloves)
Will    .....                   (no boots)
Stlth   ..........              (no amulet)
HPRegen 0.21/turn               (no ring)
MPRegen 0.11/turn               (no ring)

@: no status effects
A: no striking features
a: no special abilities


You were on level 5 of the Dungeon.
You visited 1 branch of the dungeon, and saw 5 of its levels.
You also visited: Sewer.

You collected 310 gold pieces.

Inventory:

Hand Weapons
 a - a +1 war axe of freezing (weapon)
Armour
 b - a +0 scale mail (worn)
 c - a +0 buckler (worn)
Jewellery
 i - a ring of fire
 n - a ring of protection from fire
 q - a ring of fire
 t - an amulet of faith
Wands
 e - a wand of charming (11)
Scrolls
 j - a scroll of teleportation
 o - a scroll of fog
 p - a scroll of brand weapon
 s - 2 scrolls of blinking
 w - a scroll of fear
Potions
 d - a potion of curing
 f - a potion of attraction
 g - 2 potions of resistance
 h - 3 potions of cancellation
 k - a potion of mutation
 l - a potion of invisibility
 r - 2 potions of brilliance
 u - a potion of magic
 v - 2 potions of heal wounds {unknown}


   Skills:
 + Level 6.6 Fighting
 + Level 8.2 Axes
 + Level 6.0 Armour
 + Level 1.5 Dodging
 + Level 0.9 Stealth
 + Level 4.7 Shields


You had 7 spell levels left.
You didn't know any spells.
Your spell library contained the following spells:

 Spells                   Type           Power      Damage    Failure   Level
 Foxfire                  Conj/Fire      0%         2x1d4     82%         1
 Conjure Flame            Conj/Fire      0%         6-21      99%         3
 Inner Flame              Hex/Fire       0%         N/A       99%         3
 Ozocubu's Armour         Ice            0%         N/A       99%         3
 Animate Armour           Summ/Erth      0%         N/A       100%        4
 Flame Wave               Conj/Fire      0%         2d4       100%        4
 Blade Hands              Tmut           0%         N/A       100%        5
 Metabolic Englaciation   Hex/Ice        0%         N/A       100%        5
 Iron Shot                Conj/Erth      0%         9d1       100%        6
 Simulacrum               Ice/Necr       0%         N/A       100%        6


Dungeon Overview and Level Annotations

Branches:
Dungeon (5/15)              Sewer (visited)
 Temple: D:4-7

Altars:
Ashenzari
Fedhas


Message History

The hound misses you.
You closely miss the hound. The hound bites you.
You barely miss the hound. You block the hound's attack. The hound bites you.
You hit the hound. You freeze the hound.
The hound is moderately wounded.
The hound bites you. x2
You hit the hound but do no damage.
The hound is moderately wounded.
The hound bites you but does no damage. x2
You hit the hound. You freeze the hound.
The hound is heavily wounded.
The hound bites you.
You slash the hound! You freeze the hound.
You kill the hound!
Your Armour skill increases to level 6!
m - a scroll of identify
As you read the scroll of identify, it crumbles to dust.
u - a potion of magic HP restored.
Found a leather armour.
A two-headed ogre comes into view.
It is wielding a +0 giant club and a +0 giant spiked club.
The two-headed ogre shouts in stereo!
You see here 18 gold pieces.
You now have 310 gold pieces (gained 18).
You slash the two-headed ogre! You freeze the two-headed ogre.
The two-headed ogre is lightly wounded.
The two-headed ogre hits you with a +0 giant club!!
The two-headed ogre hits you with a +0 giant spiked club!
You hit the two-headed ogre but do no damage.
The two-headed ogre is lightly wounded.
You hit the two-headed ogre but do no damage.
The two-headed ogre is lightly wounded.
The two-headed ogre hits you with a +0 giant club!!
* * * LOW HITPOINT WARNING * * *
The two-headed ogre hits you with a +0 giant spiked club.
* * * LOW HITPOINT WARNING * * *
You hit the two-headed ogre. You freeze the two-headed ogre.
The two-headed ogre is moderately wounded.
The two-headed ogre hits you with a +0 giant club!
You die...

... ... .. ..
..###. ##
.....#.###.
.........[
.........## ..
......O@.# ..
##......###.#
##.........#..
#............
##......##...
##......# .#
####..#.##.#
#..#.......#
#....(.....#


You could see a two-headed ogre.

Vanquished Creatures
  Grinder (D:3)
  Sigmund (D:3)
  3 kobold brigands (Sewer)
  3 scorpions
  A hound (D:5)
  A gnoll shaman (D:4)
  Jessica (D:3)
  Terence (D:2)
  3 orc wizards
  3 adders
  8 gnolls
  2 river rats (D:4)
  6 worms
  2 dart slugs
  18 orcs
  6 endoplasms
  4 giant cockroaches
  7 goblins
  9 hobgoblins
  3 jackals (D:3)
  15 kobolds
  5 quokkas
  12 ball pythons
  7 bats
  5 frilled lizards
  12 rats
139 creatures vanquished.

Vanquished Creatures (others)
  3 plants (Sewer)
3 creatures vanquished.

Grand Total: 142 creatures vanquished

Notes
Turn   | Place    | Note
-------+----------+-------------------------------------------
     0 | D:1      | Jortsu the Hill Orc Fighter began the quest for the Orb.
     0 | D:1      | Reached XP level 1. HP: 19/19 MP: 1/1
   110 | D:1      | Reached XP level 2. HP: 21/27 MP: 2/2
   283 | D:1      | Found a faded altar of an unknown god.
   325 | D:1      | Reached skill level 3 in Axes
   874 | D:2      | Reached XP level 3. HP: 33/34 MP: 3/3
  1223 | D:2      | Noticed Terence
  1236 | D:2      | Killed Terence
  1237 | D:2      | Reached XP level 4. HP: 15/41 MP: 4/4
  1594 | D:2      | Reached skill level 4 in Axes
  1916 | D:3      | Noticed Sigmund
  1922 | D:3      | Killed Sigmund
  1923 | D:3      | Reached skill level 5 in Axes
  1923 | D:3      | Reached XP level 5. HP: 43/47 MP: 5/5
  1923 | D:3      | Reached XP level 6. HP: 51/55 MP: 6/6
  1984 | D:3      | Noticed Jessica
  1990 | D:3      | Killed Jessica
  2008 | D:3      | Found a large runed translucent door.
  2010 | D:3      | Found a large runed translucent door.
  2025 | D:3      | Reached skill level 5 in Fighting
  2532 | D:3      | Noticed Grinder
  2547 | D:3      | Killed Grinder
  2548 | D:3      | Reached skill level 6 in Axes
  2548 | D:3      | Reached skill level 1 in Dodging
  2548 | D:3      | Reached XP level 7. HP: 53/61 MP: 7/7
  2625 | D:3      | Reached skill level 5 in Armour
  2685 | D:3      | Reached skill level 7 in Axes
  2986 | D:3      | Found a broken altar of Ashenzari.
  2993 | D:3      | Found a blossoming altar of Fedhas.
  3212 | D:4      | Found a glowing drain.
  3253 | Sewer    | Entered a sewer
  3572 | Sewer    | Reached XP level 8. HP: 70/70 MP: 8/8
  3628 | Sewer    | Reached skill level 8 in Axes
  4540 | D:5      | Entered Level 5 of the Dungeon
  4637 | D:5      | Noticed a two-headed ogre
  4644 | D:5      | HP: 3/71 [two-headed ogre/+0 giant club (3)]
  4645 | D:5      | Mangled by a two-headed ogre

Illustrated notes

Levels and vault maps discovered:
D:1:      dpeg_arrival_simpleton_c, layout_rooms,
          shapermc_ecumenical_altar_acropolis
D:2:      layout_loops_ring, uniq_terence
D:3:      layout_loops_ring, jmf_multi_god_temple2, guppyfry_early_orc_mine,
          uniq_grinder, uniq_sigmund, uniq_jessica
D:4:      layout_rooms, portal_sewer_entry_b, nrook_campfire, minmay_misc_feat_x
D:5:      layout_cave_pools, serial_shops, nicolae_shop_hallway_plus

Skill      XL: |  1  2  3  4  5  6  7  8 |
---------------+-------------------------+-----
Fighting       | 4 5 6 |  6.6
Axes           | 3 5 6 7 8 |  8.2
Armour         | 4 5 6 |  6.0
Dodging        | 1 |  1.5
Shields        | 4 |  4.7
Stealth        | |  0.9

Action                   |  1- 3 |  4- 6 |  7- 9 || total
-------------------------+-------+-------+-------++-------
Melee: War axe           |    77 |    96 |   187 ||   360
  Use: Scroll            |     7 |     3 |    12 ||    22
       Potion            |       |     1 |       ||     1
Armor: Scale mail        |    45 |    37 |    70 ||   152
Dodge: Dodged            |    48 |    43 |    90 ||   181
Block: Buckler           |    21 |    19 |    40 ||    80

Table legend: (Time is in decaauts)
 A = Elapsed time spent in this place.
 B = Non-inter-level travel time spent in this place.
 C = Inter-level travel time spent in this place.
 D = Time resting spent in this place.
 E = Time spent auto-exploring this place.
 F = Levels seen in this place.
 G = Mean time per level.
                   A        B        C        D        E       F      G
               +--------+--------+--------+--------+--------+-----+--------+
         Total |   4755 |   4680 |     75 |    928 |   2438 |   6 |  792.5 |
       Dungeon |   4054 |   3979 |     75 |    602 |   2305 |   5 |  810.8 |
         Sewer |    701 |    701 |      0 |    326 |    132 |   1 |  701.0 |
               +--------+--------+--------+--------+--------+-----+--------+

Top non-repeatable levels by time:
     D:3: 1137 daAuts
     D:2: 1066 daAuts
     D:1: 886 daAuts
     D:4: 857 daAuts
   Sewer: 701 daAuts
     D:5: 106 daAuts
